Map: Triton LE

Players

HolyHit

  • Race: Protoss Protoss
  • Spawn Location: 11:00

MCanning - Winner!

  • Race: Protoss Protoss
  • Spawn Location: 5:00

VOD

Have the link to the VOD?

Description

Time

  • Played on: Sept. 6, 2019, 6:03 p.m.
  • Length: 22:17
Show
View Real Time Build Order
Export as new Build Order

HolyHit Protoss 

Build Orders: Oracle Opening, Archon Immortal, Carriers 

Get SALT Encoding   

  12  0:00  Probe  
  13  0:12  Probe  
  14  0:17  Pylon  
  14  0:24  Probe  
  15  0:32  Probe  
  15  0:38  Gateway  
  15  0:40  Probe  
  16  0:48  Assimilator  
  17  0:51  Probe  
  17  0:55  Assimilator  
  18  1:00  Probe  
  19  1:09  Probe  
  19  1:11  Gateway  
  20  1:19  Probe  
  21  1:26  Cybernetics Core  
  21  1:31  Probe  
  22  1:34  Pylon  
  22  1:43  Probe  
  23  1:55  Probe  
  24  2:03  Stalker x2  
  24  2:04  Warp Gate  
  28  2:13  Pylon  
  28  2:26  Pylon  
  28  2:33  Stargate  
  28  2:40  Stalker  
  30  2:45  Stalker  
  32  3:09  Pylon  
  32  3:10  Stalker  
  34  3:15  Stalker  
  36  3:24  Nexus  
  36  3:25  Oracle  
  39  3:44  Probe  
  40  3:54  Stalker x2  
  40  3:55  Probe  
  45  4:03  Probe  
  45  4:08  Pylon  
  46  4:16  Oracle  
  49  4:35  Stalker  
  51  4:41  Probe  
  51  4:43  Stalker  
  49  4:50  Probe  
  48  4:53  Probe  
  46  5:02  Probe  
  46  5:06  Probe, Adept  
  46  5:07  Adept  
  52  5:13  Forge  
  53  5:14  Probe  
  53  5:18  Probe  
  54  5:25  Oracle, Protoss Ground Weapons Level 1  
  54  5:26  Probe  
  54  5:27  Probe  
  55  5:35  Probe  
  55  5:38  Probe  
  57  5:43  Robotics Facility  
  57  5:44  Probe  
  57  5:46  Shield Battery  
  58  5:50  Probe  
  58  5:56  Probe  
  60  5:58  Assimilator  
  60  6:00  Assimilator  
  60  6:08  Probe x2  
  62  6:12  Pylon  
  62  6:20  Probe x2  
  64  6:32  Probe x2  
  66  6:35  Immortal  
  66  6:39  Sentry  
  72  6:40  Nexus  
  72  6:44  Probe  
  72  6:46  Probe  
  74  6:52  Twilight Council  
  75  7:01  Probe  
  75  7:04  Probe  
  75  7:05  Pylon  
  75  7:07  Protoss Ground Weapons Level 2  
  76  7:08  Gateway  
  76  7:12  Gateway  
  76  7:20  Pylon  
  76  7:23  Immortal  
  76  7:26  Pylon  
  80  7:33  Probe x2  
  82  7:38  Phoenix  
  82  7:42  Charge  
  82  7:43  Templar Archives  
  84  7:55  Probe  
  84  7:56  Gateway  
  85  7:59  Warp Prism, Gateway, Probe  
  85  8:01  Probe  
  89  8:15  Probe  
  89  8:17  Probe  
  91  8:25  Shield Battery  
  91  8:26  Shield Battery  
  91  8:27  Shield Battery  
  91  8:32  Gateway, High Templar  
  91  8:33  High Templar x2  
  97  8:39  High Templar  
  99  8:49  Immortal  
  99  8:50  Archon x2  
  103  9:00  Zealot x2  
  107  9:06  Assimilator  
  107  9:08  Assimilator  
  107  9:12  Protoss Ground Weapons Level 3  
  107  9:13  Gateway  
  107  9:14  Probe x2  
  107  9:16  Gateway  
  109  9:18  Pylon  
  109  9:19  Pylon  
  109  9:22  Gateway  
  109  9:23  High Templar x2  
  110  9:25  Zealot x2  
  110  9:28  Immortal  
  114  9:34  Pylon  
  114  9:36  Pylon  
  118  9:52  Photon Cannon  
  118  9:56  Archon  
  118  10:02  Robotics Bay  
  118  10:03  Robotics Facility, Nexus  
  118  10:07  Photon Cannon  
  118  10:13  Immortal  
  122  10:22  Fleet Beacon  
  122  10:37  Pylon  
  122  10:39  Assimilator  
  122  10:41  Disruptor, Assimilator  
  122  10:42  Dark Shrine  
  122  10:45  High Templar  
  122  10:46  High Templar  
  122  10:48  Photon Cannon  
  126  10:53  Disruptor  
  129  11:03  Zealot x2  
  129  11:04  Zealot x3  
  142  11:18  Disruptor  
  142  11:24  Zealot  
  147  11:33  Stargate  
  147  11:35  Stargate  
  147  11:38  Photon Cannon  
  147  11:40  Pylon  
  147  11:51  Zealot x3  
  147  11:52  Protoss Air Weapons Level 1  
  152  11:54  Observer  
  152  12:00  Archon  
  152  12:01  Probe x2  
  142  12:12  Probe  
  143  12:16  Photon Cannon  
  143  12:17  Observer  
  142  12:25  Disruptor  
  144  12:32  Zealot x2  
  144  12:35  Zealot x2  
  144  12:36  Zealot x3  
  153  12:38  Carrier  
  153  12:44  Photon Cannon  
  155  12:45  Probe  
  156  13:09  Nexus  
  156  13:13  Shield Battery  
  156  13:14  Photon Cannon  
  156  13:18  Carrier  
  156  13:20  Pylon  
  156  13:21  Disruptor  
  149  13:33  Shield Battery  
  151  13:35  Observer  
  151  13:39  Photon Cannon  
  146  13:44  Dark Templar  
  148  13:58  Oracle  
  148  14:03  Protoss Air Weapons Level 2  
  148  14:05  Zealot  
  148  14:06  Shield Battery, Zealot  
  148  14:07  Observer  
  152  14:15  Photon Cannon  
  152  14:16  Shield Battery  
  152  14:19  Dark Templar  
  152  14:20  Dark Templar  
  152  14:22  Dark Templar  
  152  14:24  Zealot  
  160  14:30  Zealot  
  163  14:32  Zealot  
  163  14:37  Zealot  
  158  14:47  Dark Templar  
  158  14:49  Dark Templar x2  
  162  14:53  Probe  
  162  14:54  Probe  
  162  14:59  Zealot x2  
  164  15:05  Probe  
  162  15:13  Carrier  
  158  15:21  Oracle  
  164  15:31  Observer  
  162  15:36  High Templar x4  
  162  15:42  Probe x2  
  162  15:43  Probe x2  
  162  15:51  Archon  
  160  16:01  Carrier  
  166  16:06  High Templar  
  166  16:08  High Templar  
  166  16:09  Archon  
  170  16:12  Archon  
  170  16:13  Nexus  
  170  16:17  Pylon  
  170  16:23  Dark Templar  
  172  16:26  Probe  
  172  16:27  Probe  
  172  16:28  Pylon  
  174  16:33  Observer  
  171  16:41  Dark Templar  
  171  16:44  Oracle  
  171  16:46  Archon  
  176  16:56  Protoss Air Weapons Level 3  
  161  17:09  Probe x3  
  161  17:10  Probe  
  161  17:12  Dark Templar  
  166  17:16  Carrier  
  162  17:25  Zealot x8  
  162  17:26  Carrier  
  165  17:41  Carrier  
  146  18:11  Disruptor  
  149  18:14  Nexus  
  149  18:18  Dark Templar x2  
  153  18:22  Photon Cannon  
  153  18:30  Pylon, Carrier  
  154  18:42  Dark Templar x2  
  130  19:12  Carrier  
  107  19:25  Dark Templar  
  107  19:31  Nexus  
  109  19:36  Pylon, Archon  
  109  19:37  Archon  
  109  19:49  Dark Templar x4  
  107  19:55  Dark Templar  
  107  19:56  Observer  
  112  20:09  Probe  
  112  20:10  Probe  
  112  20:12  Pylon  
  114  20:15  Probe  
  114  20:20  Archon x2  
  115  20:25  Dark Templar  
  115  20:28  Dark Templar  
  118  20:33  Carrier, Disruptor  
  124  20:43  Dark Templar  
  124  20:49  Dark Templar  
  120  20:55  Zealot x2  
  119  21:00  Zealot  
  120  21:04  High Templar  
  120  21:05  High Templar  
  120  21:10  Archon  
  124  21:14  Archon  
  123  21:30  Pylon  
  118  21:33  Zealot x3  
  118  21:34  Zealot  
  118  21:35  Dark Templar  
  118  21:43  Dark Templar x2  
  105  21:55  Dark Templar  
  105  21:56  Dark Templar  
  109  22:01  Zealot  
Show
View Real Time Build Order
Export as new Build Order

MCanning Protoss - Winner!

Build Orders:  

Get SALT Encoding   

  12  0:00  Probe  
  13  0:12  Probe  
  14  0:17  Pylon  
  14  0:24  Probe  
  15  0:33  Probe  
  15  0:37  Gateway  
  15  0:41  Probe  
  16  0:47  Assimilator  
  17  0:51  Probe  
  17  0:55  Assimilator  
  18  1:00  Probe  
  19  1:08  Gateway, Probe  
  19  1:17  Probe  
  20  1:25  Cybernetics Core  
  21  1:31  Probe  
  22  1:36  Pylon  
  22  1:43  Probe  
  22  1:46  Warp Gate  
  23  1:55  Probe  
  24  2:02  Sentry, Stalker  
  28  2:10  Pylon  
  28  2:15  Pylon  
  28  2:28  Stalker  
  30  2:33  Stalker  
  32  2:48  Probe  
  33  2:55  Nexus  
  33  3:08  Probe  
  34  3:17  Shield Battery  
  34  3:20  Probe  
  34  3:23  Robotics Facility  
  35  3:28  Pylon  
  36  3:35  Shield Battery  
  36  3:40  Stalker x2  
  39  3:46  Probe  
  40  3:52  Shield Battery  
  41  4:03  Adept  
  41  4:04  Adept  
  41  4:07  Immortal  
  41  4:08  Probe  
  51  4:30  Stalker  
  51  4:31  Stalker  
  51  4:54  Stalker x2  
  51  4:57  Probe  
  54  5:06  Probe  
  52  5:12  Probe  
  54  5:14  Probe  
  55  5:22  Sentry x2  
  55  5:23  Probe  
  55  5:25  Probe  
  61  5:31  Probe  
  60  5:37  Probe  
  60  5:40  Forge  
  62  5:44  Pylon  
  62  5:49  Twilight Council  
  62  5:53  Protoss Ground Weapons Level 1  
  62  6:02  Observer, Probe x2  
  65  6:08  Assimilator  
  65  6:10  Assimilator  
  65  6:14  Probe x2  
  65  6:16  Charge  
  67  6:18  Gateway  
  67  6:21  Gateway  
  67  6:24  Probe  
  67  6:26  Probe  
  67  6:32  Probe  
  69  6:35  Pylon  
  70  6:47  Pylon  
  70  6:54  Immortal, Probe x2  
  69  7:06  Probe x2  
  71  7:16  Templar Archives  
  71  7:18  Probe x2  
  73  7:23  Nexus  
  73  7:30  Pylon, Probe x2  
  73  7:34  Protoss Ground Weapons Level 2  
  73  7:36  Zealot  
  77  7:42  Probe x2  
  79  7:46  Gateway  
  79  7:48  Gateway  
  79  7:54  Probe x2  
  79  7:56  Shield Battery, High Templar  
  81  8:03  High Templar x2  
  85  8:08  Archon  
  85  8:09  Probe  
  85  8:12  Pylon  
  86  8:13  Pylon  
  86  8:30  Probe x2  
  86  8:31  Gateway  
  86  8:32  Zealot  
  86  8:34  Gateway  
  90  8:36  Probe  
  90  8:37  High Templar x2  
  95  8:43  Archon  
  95  8:45  Probe  
  95  8:47  Warp Prism  
  95  8:48  Probe  
  95  8:54  High Templar x2  
  95  8:55  Pylon, Probe  
  101  8:58  Shield Battery  
  101  9:01  Probe  
  101  9:02  Archon  
  103  9:09  Probe  
  104  9:10  Probe, Assimilator  
  104  9:12  Assimilator  
  104  9:13  Probe  
  104  9:15  Pylon  
  106  9:17  Pylon  
  106  9:22  Zealot, Probe  
  109  9:29  Zealot  
  109  9:30  Zealot x2  
  115  9:40  Zealot x4, Robotics Bay  
  123  9:51  Dark Shrine  
  121  9:54  Pylon, High Templar x2  
  121  9:55  Zealot x2  
  121  9:58  Shield Battery, Archon  
  129  10:02  Zealot  
  129  10:03  Zealot  
  129  10:05  Pylon  
  129  10:06  Colossus  
  133  10:15  Probe  
  133  10:17  Pylon  
  133  10:20  Disruptor, High Templar x2  
  138  10:23  Zealot  
  138  10:24  Zealot x3  
  138  10:26  Archon  
  149  10:31  Pylon  
  149  10:33  Pylon  
  145  10:44  Blink  
  145  10:46  Disruptor  
  145  10:47  Probe  
  145  10:48  Robotics Facility  
  145  10:49  Photon Cannon  
  146  11:02  Pylon  
  147  11:04  Probe  
  147  11:08  Dark Templar x3  
  152  11:11  Disruptor  
  152  11:14  High Templar  
  150  11:22  Zealot  
  150  11:23  Archon, Zealot x3  
  150  11:25  Probe  
  162  11:32  Disruptor  
  162  11:34  Photon Cannon  
  162  11:35  Photon Cannon  
  162  11:38  Photon Cannon  
  162  11:39  Pylon  
  165  11:47  Probe  
  165  11:52  Probe  
  165  11:53  Probe  
  168  11:56  Protoss Ground Weapons Level 3, Stalker x2  
  168  11:58  Nexus  
  172  12:03  Disruptor x2  
  175  12:21  Stalker  
  180  12:31  Photon Cannon  
  180  12:33  Photon Cannon  
  180  12:35  Shield Battery  
  180  12:36  Shield Battery  
  180  12:37  Photon Cannon  
  180  12:39  Pylon  
  180  12:43  Photon Cannon  
  174  12:48  High Templar x3  
  180  12:54  Pylon  
  180  12:55  Pylon  
  180  12:57  Pylon  
  180  13:00  Assimilator  
  180  13:01  High Templar, Archon  
  182  13:06  Archon, Stalker x3  
  182  13:07  Assimilator  
  188  13:16  Disruptor  
  191  13:24  Zealot x2  
  191  13:25  Zealot x2  
  197  13:32  Dark Templar x2  
  199  13:47  Probe  
  200  14:03  Pylon  
  200  14:07  Pylon  
  194  14:20  Nexus  
  194  14:22  Zealot x2  
  194  14:23  Zealot  
  200  14:25  Pylon  
  192  14:31  Zealot x3  
  192  14:32  Protoss Shields Level 1, Zealot  
  192  14:34  Observer  
  195  14:41  Observer, Zealot  
  192  14:47  Photon Cannon  
  192  14:48  Photon Cannon, Gateway  
  192  14:49  Shield Battery, Gateway  
  192  14:50  Photon Cannon  
  192  14:51  Shield Battery, Gateway, Pylon  
  192  14:52  Zealot x2  
  186  14:53  Gateway  
  186  14:58  Zealot, Dark Templar  
  180  15:05  Probe  
  180  15:06  Probe  
  164  15:15  Stalker x5  
  164  15:20  Dark Templar  
  174  15:28  Observer  
  174  15:33  Probe  
  174  15:34  Zealot x2  
  174  15:35  Observer, Probe  
  180  15:40  Photon Cannon  
  180  15:41  Disruptor  
  182  15:43  Photon Cannon  
  177  15:55  Dark Templar  
  182  15:59  Disruptor, Assimilator  
  182  16:01  High Templar x3, Assimilator  
  182  16:03  High Templar  
  190  16:04  Dark Templar x2  
  190  16:07  Observer x3  
  197  16:12  Archon x2  
  197  16:37  Stalker  
  197  17:07  Disruptor  
  194  17:12  Disruptor  
  197  17:24  Stalker  
  199  17:34  Nexus  
  189  17:37  Pylon  
  189  17:41  Stalker x2  
  189  17:42  Stalker x7  
  199  17:49  Pylon, Disruptor x2  
  187  18:03  Probe  
  194  18:06  Photon Cannon  
  194  18:07  Photon Cannon  
  194  18:08  Photon Cannon, Shield Battery, Dark Templar  
  194  18:09  Observer  
  194  18:10  Shield Battery  
  194  18:11  Photon Cannon  
  196  18:13  Protoss Shields Level 2  
  196  18:16  Stalker x2  
  197  18:44  Disruptor  
  197  18:46  Disruptor  
  168  19:10  Disruptor  
  168  19:12  Stalker x5  
  168  19:13  Disruptor, Stalker x7  
  158  19:22  Probe  
  149  19:27  Probe  
  132  19:46  Disruptor  
  132  19:49  Observer  
  132  19:51  Dark Templar  
  132  19:52  Dark Templar x6  
  139  19:53  Dark Templar x5  
  139  19:57  Archon  
  139  19:58  Archon x4  
  139  19:59  Archon  
  153  20:08  Observer  
  154  20:16  Observer  
  154  20:19  Dark Templar x2  
  158  20:21  Warp Prism, Stalker x2  
  158  20:26  Stalker  
  158  20:27  Stalker x7  
  177  20:47  Disruptor  
  171  20:55  Observer  
  167  21:03  Stalker x2  
  167  21:04  Stalker x6  
  176  21:05  Stalker x3  
  176  21:09  Observer  
  190  21:11  Assimilator  
  190  21:15  Assimilator  
  191  21:19  Observer  
  178  21:38  Stalker x4  
  178  21:39  Stalker x7  
  191  21:40  Stalker  
  181  21:48  Observer  
  174  22:05  Stalker x3  
Tags
 
Add a new tag
Caveats
  • Supply blocks, unpowered buildings, or Contaminate may cause inaccurate times.
  • Supply counts are checked every 10 seconds.